 Dungeon Sprint DCSS version 0.22-a0-414-gacd343e (webtiles) character file.

31588 raistware the Impaler (level 13, -7/122 HPs)
             Began as a Minotaur Fighter on May 13, 2018.
             Was an Elder of Makhleb.
             Mangled by a frost giant
             ... wielding a +0 battleaxe of freezing
              (24 damage)
             ... in the Dungeon (Sprint IX: "|||||||||||||||||||||||||||||").
             The game lasted 00:26:28 (2213 turns).

raistware the Impaler (Minotaur Fighter)            Turns: 2213, Time: 00:26:29

Health: -7/122     AC: 22    Str: 27    XL:     13   Next: 26%
Magic:  24/24      EV: 14    Int:  8    God:    Makhleb [****..]
Gold:   790        SH:  0    Dex:  9    Spells: 12/12 levels left

rFire    + . .     SeeInvis .   C - +8 trident of the Octopus King {venom, rElec rPois MR+}
rCold    . . .     Gourm    .   (no shield)
rNeg     . . .     Faith    .   r - +0 plate armour
rPois    +         Spirit   .   (helmet restricted)
rElec    +         Reflect  .   x - +0 cloak
rCorr    .         Harm     .   w - +0 pair of gloves
MR       +....     NoTele   +   q - +0 pair of boots
Stlth    ..........             (no amulet)
HPRegen  0.30/turn              b - +3 ring of intelligence
MPRegen  0.19/turn              y - ring of protection from fire

@: no status effects
A: retaliatory headbutt, horns 2
a: Minor Destruction, Lesser Servant of Makhleb, Major Destruction, Renounce
Religion


You were in the Dungeon.
You worshipped Makhleb.
Makhleb was greatly pleased with you.
You were not hungry.

You visited 1 branch You collected 1900 gold pieces.
You spent 1110 gold pieces at shops.

Inventory:

Hand Weapons
 p - a +2 halberd of protection
 C - the +8 trident of the Octopus King (weapon) {venom, rElec rPois MR+}
   (You found it in the Dungeon)

   It poisons the flesh of those it strikes.
   It insulates you from electricity.
   It protects you from poison.
   It affects your resistance to hostile enchantments.
 F - a +1 trident of freezing
 G - a +2 trident of flaming
Missiles
 l - 4 poisoned tomahawks (quivered)
Armour
 c - a +0 shield
 q - a +0 pair of boots (worn)
 r - a +0 plate armour (worn)
 w - a +0 pair of gloves (worn)
 x - a +0 cloak (worn)
 D - a +2 plate armour
 E - +0 fire dragon scales
Jewellery
 b - a +3 ring of intelligence (left hand)
 s - a +3 ring of intelligence
 y - a ring of protection from fire (right hand)
 z - an uncursed ring of ice
 A - an uncursed ring of fire
 B - an uncursed ring of poison resistance
Scrolls
 j - 2 scrolls of identify
 k - 2 scrolls of blinking
 m - 6 scrolls of remove curse
 n - 2 scrolls of amnesia
 o - a scroll of immolation
 u - 2 scrolls of fear
 v - 7 scrolls of enchant armour
Potions
 d - a potion of might
 e - 10 potions of curing
 g - 2 potions of heal wounds
 h - a potion of agility
 i - 4 potions of magic
 t - 4 potions of mutation
 H - a potion of degeneration {unknown}
Comestibles
 a - 8 chunks of flesh
 f - 23 rations


   Skills:
 + Level 13.1 Fighting
 + Level 20.7 Polearms
 * Level 16.4 Armour
 * Level 14.9 Dodging
 + Level 4.1 Stealth
 - Level 11.2 Shields
 + Level 7.3 Unarmed Combat
 * Level 16.9 Invocations


You had 12 spell levels left.
You didn't know any spells.
Your spell library was empty.

Dungeon Overview and Level Annotations

Branches:
Dungeon (1/1)

Altars:
Cheibriados
Dithmenos
Elyvilon
Fedhas
Gozag
Hepliaklqana
Kikubaaqudgha
Makhleb
Nemelex Xobeh
Okawaru
Qazlal
Ru
Sif Muna
Trog
Uskayaw
Vehumet
Wu Jian
Xom
Yredelemnul
Zin
The Shining One
Beogh
Jiyva
Lugonu

Shops:
D (**


Innate Abilities, Weirdness & Mutations

You reflexively headbutt those who attack you in melee.
You have a pair of horns on your head.


Message History

The bolt of cold misses you.
You hit the frost giant.
The frost giant is poisoned.
You headbutt the frost giant!
The frost giant is moderately wounded.
Your cacodemon gestures at the frost giant.
The frost giant resists with almost no effort.
You hit the frost giant.
The frost giant looks as sick as possible!
The frost giant is moderately wounded.
The frost giant gestures at you while chanting.
The bolt of cold hits you!
* * * LOW HITPOINT WARNING * * *
You puncture the frost giant!
The frost giant looks as sick as possible!
You headbutt the frost giant, but do no damage.
The frost giant is moderately wounded.
Your cacodemon completely misses the frost giant.
Your cacodemon hits the frost giant.
The frost giant hits you with a battleaxe of freezing!!
You die...

▓.2................
▓.▓▓▓▓▓▓▓▓▓▓▓▓▓▓▓▓▓
▓.........'.....)))
▓▓▓▓▓▓▓▓▓▓▓▓▓▓▓▓▓▓▓
▓..................
▓.▓▓▓▓▓▓▓▓▓▓▓▓▓▓♣♣♣
▓...............†..
▓▓▓▓▓▓▓▓▓▓▓▓▓▓▓▓♣♣♣
▓2@................
▓C▓▓▓▓▓▓▓▓▓▓▓▓▓▓▓▓▓
▓.((..†2()...C)((((
▓▓▓▓▓▓▓▓▓▓▓▓▓▓▓▓▓▓▓


You could see a frost giant and a friendly cacodemon.

Vanquished Creatures
  A tengu reaver (D)
  2 dire elephants (D)
  Josephine (D)
  A hydra (D)
  A tengu warrior (D)
  3 orc high priests (D)
  A wizard (D)
  2 orc knights (D)
  An orc sorcerer (D)
  A cyclops (D)
  2 ugly things (D)
  A salamander (D)
  7 elephants (D)
  4 spiny frogs (D)
  3 komodo dragons (D)
  A merfolk (D)
  A jumping spider (D)
  A yak (D)
  3 wraiths (D)
  An acid dragon (D)
  A porcupine (D)
  3 water moccasins (D)
  5 orc warriors (D)
  A crocodile (D)
  3 bullfrogs (D)
  2 scorpions (D)
  2 howler monkeys (D)
  A wight (D)
  5 orc priests (D)
  2 orc wizards (D)
  2 worker ants (D)
  A worm (D)
  A leopard gecko (D)
  5 orcs (D)
  2 bats (D)
  A goblin (D)
  A hobgoblin (D)
  A ball python (D)
  A ball python skeleton (D)
  A giant cockroach zombie (D)
  A kobold (D)
80 creatures vanquished.

Vanquished Creatures (collateral kills)
  A golden dragon (D)
  A stone giant (D)
  Azrael (D)
  An ettin (D)
  4 fire dragons (D)
  2 merfolk impalers (D)
  3 hydras (D)
  A yaktaur captain (D)
  A rakshasa (D)
  2 alligators (D)
  A two-headed ogre (D)
  A centaur warrior (D)
  A merfolk avatar (D)
  4 orc high priests (D)
  A shock serpent (D)
  A naga sharpshooter (D)
  2 orb spiders (D)
  3 orc knights (D)
  A necromancer (D)
  A mana viper (D)
  3 wolf spiders (D)
  A cyclops (D)
  A salamander (D)
  A slime creature (D)
  A merfolk siren (D)
  A naga mage (D)
  3 black mambas (D)
  3 yaktaurs (D)
  A merfolk (D)
  A polar bear (shapeshifter) (D)
  A bog body (D)
  A snapping turtle (D)
  2 redbacks (D)
  2 tarantellas (D)
  A basilisk (D)
  3 fire elementals (D)
  2 hell hounds (D)
  7 orc warriors (D)
  A swamp drake (D)
  A bullfrog (D)
  5 orc priests (D)
  An adder skeleton (D)
  An adder zombie (D)
77 creatures vanquished.

Grand Total: 157 creatures vanquished

Notes
Turn   | Place    | Note
-------+----------+-------------------------------------------
     0 | D        | raistware the Minotaur Fighter began the quest for the Orb.
     0 | D        | Reached XP level 1. HP: 19/19 MP: 0/0
     5 | D        | Reached skill level 3 in Polearms
     7 | D        | Reached skill level 4 in Polearms
    18 | D        | Reached skill level 5 in Polearms
    25 | D        | Noticed a howler monkey
    25 | D        | Noticed a howler monkey
    29 | D        | Reached XP level 2. HP: 26/26 MP: 1/1
    39 | D        | Killed a howler monkey
    39 | D        | Reached skill level 8 in Polearms
    39 | D        | Reached XP level 3. HP: 25/31 MP: 2/2
    42 | D        | Reached skill level 10 in Polearms
    42 | D        | Reached XP level 4. HP: 32/39 MP: 3/3
   104 | D        | Found a roughly hewn altar of Beogh.
   104 | D        | Found a snail-covered altar of Cheibriados.
   104 | D        | Found a shadowy altar of Dithmenos.
   104 | D        | Found a white marble altar of Elyvilon.
   104 | D        | Found a blossoming altar of Fedhas.
   104 | D        | Found an opulent altar of Gozag.
   105 | D        | Found a hazy altar of Hepliaklqana.
   106 | D        | Found a viscous altar of Jiyva.
   107 | D        | Found an ancient bone altar of Kikubaaqudgha.
   108 | D        | Found a corrupted altar of Lugonu.
   109 | D        | Found a burning altar of Makhleb.
   110 | D        | Found a sparkling altar of Nemelex Xobeh.
   111 | D        | Found an iron altar of Okawaru.
   112 | D        | Found a stormy altar of Qazlal.
   113 | D        | Found a sacrificial altar of Ru.
   114 | D        | Found a deep blue altar of Sif Muna.
   115 | D        | Found a bloodstained altar of Trog.
   116 | D        | Found a hide-covered altar of Uskayaw.
   117 | D        | Became a worshipper of Makhleb the Destroyer
   118 | D        | Found a radiant altar of Vehumet.
   119 | D        | Found an ornate altar of the Wu Jian Council.
   120 | D        | Found a shimmering altar of Xom.
   121 | D        | Found a basalt altar of Yredelemnul.
   122 | D        | Found a glowing silver altar of Zin.
   123 | D        | Found a glowing golden altar of the Shining One.
   173 | D        | Reached skill level 11 in Polearms
   179 | D        | Reached skill level 12 in Polearms
   179 | D        | Reached XP level 5. HP: 45/45 MP: 4/4
   180 | D        | Reached * piety under Makhleb
   195 | D        | Reached ** piety under Makhleb
   203 | D        | Noticed an acid dragon
   203 | D        | Noticed an orc warrior
   210 | D        | Reached skill level 13 in Polearms
   221 | D        | Killed an acid dragon
   221 | D        | Reached skill level 15 in Polearms
   221 | D        | Reached XP level 6. HP: 51/51 MP: 5/5
   229 | D        | Killed an orc warrior
   229 | D        | Reached *** piety under Makhleb
   229 | D        | Reached skill level 16 in Polearms
   236 | D        | Reached XP level 7. HP: 57/57 MP: 6/6
   380 | D        | Noticed a yak
   380 | D        | Noticed a six-headed hydra
   380 | D        | Noticed a komodo dragon
   388 | D        | Reached skill level 17 in Polearms
   395 | D        | Killed a yak
   395 | D        | Reached **** piety under Makhleb
   396 | D        | Killed a ten-headed hydra
   396 | D        | Reached skill level 19 in Polearms
   396 | D        | Reached XP level 8. HP: 40/64 MP: 7/7
   399 | D        | Reached skill level 1 in Dodging
   402 | D        | Killed a komodo dragon
   402 | D        | Reached skill level 5 in Fighting
   402 | D        | Reached skill level 5 in Armour
   414 | D        | Reached ***** piety under Makhleb
   414 | D        | Reached XP level 9. HP: 75/75 MP: 8/8
   417 | D        | Reached skill level 10 in Shields
   432 | D        | Noticed a komodo dragon
   432 | D        | Noticed a spiny frog
   432 | D        | Noticed a spiny frog
   432 | D        | Noticed a komodo dragon
   437 | D        | Noticed an elephant
   439 | D        | Killed a komodo dragon
   439 | D        | Reached skill level 5 in Dodging
   446 | D        | Noticed a spiny frog
   446 | D        | Killed a spiny frog
   449 | D        | Killed a spiny frog
   456 | D        | Killed a komodo dragon
   460 | D        | Killed an elephant
   462 | D        | Killed a spiny frog
   462 | D        | Reached ****** piety under Makhleb
   462 | D        | Reached XP level 10. HP: 68/91 MP: 9/9
   463 | D        | Noticed a spiny frog
   468 | D        | Killed a spiny frog
   468 | D        | Reached skill level 10 in Armour
   705 | D        | Noticed a dire elephant
   705 | D        | Noticed an elephant
   705 | D        | Noticed an elephant
   705 | D        | Noticed an elephant
   705 | D        | Noticed a dire elephant
   705 | D        | Noticed an elephant
   723 | D        | Killed a dire elephant
   725 | D        | Killed an elephant
   748 | D        | Killed a dire elephant
   752 | D        | Killed an elephant
   761 | D        | Killed an elephant
   766 | D        | Killed an elephant
   766 | D        | Reached skill level 10 in Invocations
   790 | D        | Noticed an elephant
   798 | D        | Killed an elephant
   804 | D        | Noticed an elephant
   813 | D        | Killed an elephant
   813 | D        | Reached XP level 11. HP: 99/99 MP: 18/18
  1002 | D        | Noticed Josephine
  1030 | D        | Killed Josephine
  1136 | D        | Noticed an orc knight
  1142 | D        | Noticed an orc sorcerer
  1153 | D        | Noticed an orc high priest
  1160 | D        | Killed an orc knight
  1162 | D        | Killed an orc sorcerer
  1181 | D        | Killed an orc high priest
  1247 | D        | Noticed an orc knight
  1247 | D        | Noticed an orc knight
  1262 | D        | Noticed an orc knight
  1264 | D        | Killed an orc knight
  1264 | D        | Reached skill level 10 in Fighting
  1264 | D        | Reached skill level 10 in Dodging
  1270 | D        | Killed an orc knight
  1275 | D        | Killed an orc knight
  1275 | D        | Reached skill level 15 in Invocations
  1292 | D        | Noticed an orc knight
  1295 | D        | Killed an orc knight
  1313 | D        | Found Zeuff's Weapon Emporium.
  1313 | D        | Noticed an orc high priest
  1313 | D        | Noticed an orc high priest
  1327 | D        | Killed an orc high priest
  1329 | D        | Noticed an orc high priest
  1330 | D        | Noticed an orc high priest
  1330 | D        | Killed an orc high priest
  1336 | D        | Killed an orc high priest
  1344 | D        | Killed an orc high priest
  1351 | D        | Found Posuif's Assorted Antiques.
  1357 | D        | Found Acwoyre's General Store.
  1361 | D        | Found Waroa's Food Shoppe.
  1366 | D        | Noticed an orc high priest
  1367 | D        | Noticed an orc high priest
  1373 | D        | Killed an orc high priest
  1376 | D        | Noticed a sixfirhy
  1378 | D        | Killed an orc high priest
  1414 | D        | Bought a scroll of enchant armour for 150 gold pieces
  1414 | D        | Bought a scroll labeled ZAHUNK CUQON for 20 gold pieces
  1414 | D        | Bought a scroll labeled JETUCICOPH for 20 gold pieces
  1414 | D        | Bought a potion of curing for 60 gold pieces
  1414 | D        | Bought a scroll labeled ZAHUNK CUQON for 20 gold pieces
  1419 | D        | Bought a ration for 70 gold pieces
  1419 | D        | Bought a ration for 70 gold pieces
  1419 | D        | Bought a ration for 70 gold pieces
  1419 | D        | Bought a ration for 70 gold pieces
  1419 | D        | Bought a ration for 70 gold pieces
  1419 | D        | Bought a ration for 70 gold pieces
  1419 | D        | Bought a ration for 70 gold pieces
  1419 | D        | Bought a ration for 70 gold pieces
  1419 | D        | Bought a ration for 70 gold pieces
  1419 | D        | Bought a ration for 70 gold pieces
  1419 | D        | Bought a ration for 70 gold pieces
  1419 | D        | Bought a ration for 70 gold pieces
  1520 | D        | Found the +8 trident of the Octopus King {venom, rElec rPois MR+}
  1578 | D        | Noticed a two-headed ogre
  1578 | D        | Noticed a brown ugly thing
  1578 | D        | Noticed a wolf spider
  1588 | D        | Killed a two-headed ogre
  1588 | D        | Reached skill level 1 in Unarmed Combat
  1590 | D        | Noticed a purple ugly thing
  1593 | D        | Reached XP level 12. HP: 103/110 MP: 22/22
  1628 | D        | Noticed a fire dragon
  1649 | D        | Noticed an ettin
  1650 | D        | Killed a fire dragon
  1652 | D        | Noticed a rakshasa
  1655 | D        | Killed an ettin
  1660 | D        | Killed a rakshasa
  1771 | D        | Noticed a six-headed hydra
  1771 | D        | Noticed an alligator
  1771 | D        | Noticed a four-headed hydra
  1772 | D        | Noticed an alligator
  1776 | D        | Killed a six-headed hydra
  1776 | D        | Reached skill level 20 in Polearms
  1778 | D        | Killed an alligator
  1780 | D        | Killed a four-headed hydra
  1781 | D        | Noticed an eight-headed hydra
  1786 | D        | Killed an alligator
  1787 | D        | Killed an eight-headed hydra
  1820 | D        | Reached skill level 5 in Unarmed Combat
  1827 | D        | Noticed a merfolk avatar
  1827 | D        | Noticed a merfolk impaler
  1829 | D        | Noticed a merfolk impaler
  1838 | D        | Killed a merfolk avatar
  1844 | D        | Killed a merfolk impaler
  1844 | D        | Reached skill level 15 in Armour
  1844 | D        | Reached skill level 1 in Stealth
  1855 | D        | Killed a merfolk impaler
  1931 | D        | Noticed Azrael
  1938 | D        | Killed Azrael
  2023 | D        | Noticed a fire dragon
  2023 | D        | Noticed a yaktaur captain
  2023 | D        | Noticed a centaur warrior
  2070 | D        | Killed a fire dragon
  2070 | D        | Reached XP level 13. HP: 43/119 MP: 24/24
  2086 | D        | Noticed a fire dragon
  2089 | D        | Killed a fire dragon
  2096 | D        | Noticed a golden dragon
  2103 | D        | Noticed a stone giant
  2104 | D        | Killed a golden dragon
  2112 | D        | Killed a stone giant
  2123 | D        | Noticed a tengu reaver
  2142 | D        | Noticed a fire dragon
  2145 | D        | Killed a tengu reaver
  2156 | D        | Killed a fire dragon
  2192 | D        | Noticed a frost giant
  2213 | D        | Mangled by a frost giant

Vault maps used:
D:        linesprint

Skill      XL: |  1  2  3  4  5  6  7  8  9 10 11 12 13 |
---------------+----------------------------------------+-----
Polearms       | 5 8 10 12 15 16 19 20 | 20.7
Shields        | 8 9 11 | 11.2
Fighting       | 5 9 11 12 13 | 13.1
Armour         | 5 9 11 13 15 16 | 16.4
Dodging        | 3 8 9 11 14 | 14.9
Invocations    | 11 15 16 | 16.9
Unarmed Combat | 1 6 7 |  7.3
Stealth        | 3 4 |  4.1

Action                   |  1- 3 |  4- 6 |  7- 9 | 10-12 | 13-15 || total
-------------------------+-------+-------+-------+-------+-------++-------
Melee: Trident           |    32 |    58 |       |    37 |    12 ||   139
       Headbutt          |     6 |     9 |    15 |    29 |     3 ||    62
       Halberd           |       |       |    59 |   155 |       ||   214
Invok: Greater Servant o |       |       |       |    15 |     5 ||    20
Evoke: Wand              |       |       |     6 |     4 |       ||    10
  Use: Potion            |       |     2 |     3 |     3 |     1 ||     9
       Scroll            |       |       |       |     2 |       ||     2
 Stab: Invisible         |       |       |     4 |     1 |       ||     5
       Paralysed         |       |       |       |     4 |       ||     4
       Distracted        |       |       |       |     2 |     1 ||     3
  Eat: Chunk             |       |       |       |     4 |     1 ||     5
Armor: Scale mail        |     5 |     9 |       |       |       ||    14
       Plate armour      |       |       |    28 |    50 |       ||    78
Dodge: Dodged            |     7 |     6 |    15 |    36 |     4 ||    68
Block: Shield            |    11 |    18 |       |       |       ||    29

Table legend:
 A = Spawn XP
 B = Non-spawn XP
 C = Spawn XP percentage of total XP
 D = Spawn monster count
 E = Non-spawn monster count
 F = Spawn count percentage of total count
 G = Total turns spent on level
                    A         B        C        D         E        F      G
               +---------+---------+-------+---------+---------+-------+---------
         Total |       0 |   45126 |   0.0 |       0 |     157 |   0.0 |  2213
               +---------+---------+-------+---------+---------+-------+---------
             D |       0 |   45126 |   0.0 |       0 |     157 |   0.0 |  2213
               +---------+---------+-------+---------+---------+-------+---------
